 Dungeon Crawl Stone Soup version 0.30.1-11-g7821555f0a (webtiles) character file.

Game seed: 16426892713750658912

3035 H0rd4k the Trooper (level 10, -3/77 HPs)
             Began as a Human Artificer on Dec 20, 2023.
             Was an Initiate of Gozag.
             Slain by a hornet (12 damage)
             ... on level 9 of the Dungeon.
             The game lasted 00:16:16 (8184 turns).

H0rd4k the Trooper (Human Artificer)                Turns: 8184, Time: 00:16:16

Health: -3/77      AC:  9    Str: 13    XL:     10   Next: 11%
Magic:  19/19      EV: 16    Int: 21    God:    Gozag
Gold:   287        SH:  0    Dex: 21    Spells: 20/22 levels left

rFire   + + +        u - +8 sling "Alueru" {heavy, rF+++ Dex+3 SInv Stlth-}
rCold   . . .        (no shield)
rNeg    . . .        s - +1 leather armour of Mental Paralysis {Dex+4}
rPois   .            k - +1 helmet
rElec   .            x - scarf {+Inv}
rCorr   +            (no gloves)
SInv    +            l - +2 pair of boots
Will    .....        (no amulet)
Stlth   +            a - ring of resist corrosion
HPRegen 0.32/turn    o - +6 ring of intelligence
MPRegen 0.16/turn

%: no passive effects
@: lethally poisoned (-3 -> -7), slowed, very slow
A: no striking features
a: Renounce Religion, Evoke Invisibility, Potion Petition, Call Merchant, Bribe
Branch


You were on level 9 of the Dungeon.
You worshipped Gozag.
Gozag was aware of your devotion.
You visited 2 branches of the dungeon, and saw 10 of its levels.

You collected 643 gold pieces.
You spent 188 gold pieces at shops.
You paid 168 gold pieces to Gozag.

Inventory:

Hand Weapons
 d - a +1 dagger of electrocution
 h - a +4 halberd
 u - the +8 sling "Alueru" (weapon) {heavy, rF+++ Dex+3 SInv Stlth-}
   (You bought it in a shop on level 1 of the Dungeon)

   Dex:       It affects your dexterity (+3).
   rF:        It renders you almost immune to fire.
   SInv:      It lets you see invisible.
   Stlth:     It makes you less stealthy.
 A - a +1 dagger of venom
 H - a +4 flail
 I - a +5 halberd
 K - a +3 mace
Missiles
 n - a curare-tipped dart
 v - a throwing net
 y - 27 poisoned darts
Armour
 k - a +1 helmet (worn)
 l - a +2 pair of boots (worn)
 q - the +0 scale mail "Budd" {*Corrode rPois Dex+2}
   (You found it on level 6 of the Dungeon)

   Dex:       It affects your dexterity (+2).
   rPois:     It protects you from poison.
   *Corrode:  It may corrode you when you take damage.
 s - the +1 leather armour of Mental Paralysis (worn) {Dex+4}
   (You found it on level 6 of the Dungeon)

   Dex:       It affects your dexterity (+4).
 x - a scarf of invisibility (worn)
Jewellery
 a - a ring of resist corrosion (left hand)
 b - a +6 ring of dexterity
 o - a +6 ring of intelligence (right hand)
 E - a ring of willpower
 F - an amulet of faith
Wands
 c - a wand of flame (27)
 D - a wand of paralysis (3)
Scrolls
 f - 2 scrolls of blinking
 g - 3 scrolls of teleportation
 i - 2 scrolls of amnesia
 w - a scroll of vulnerability
 C - 3 scrolls of identify
Potions
 e - a potion of brilliance {unknown}
 j - a potion of flight
 m - 2 potions of curing
 p - a potion of might
 r - 2 potions of haste
 t - 3 potions of attraction
 z - a potion of heal wounds
 B - 2 potions of lignification
Miscellaneous
 G - a box of beasts


   Skills:
 + Level 6.6 Fighting
 + Level 5.4 Short Blades
 * Level 1.9 Ranged Weapons
 - Level 2.0 Armour
 + Level 6.6 Dodging
 - Level 1.0 Stealth
 * Level 6.5 Spellcasting
 + Level 1.2 Translocations
 - Level 3.0 Evocations


You had 20 spell levels left.
You knew the following spells:

 Your Spells              Type           Power      Damage    Failure   Level
a - Blink                 Tloc           22%        N/A       11%         2

Your spell library contained the following spells:

 Spells                   Type           Power      Damage    Failure   Level
 Apportation              Tloc           22%        N/A       7%          1
 Necrotise                Necr           24%        1d5       12%         1
 Cigotuvi's Dreadful Rot  Necr/Pois/Air  12%        N/A       19%         2
 Volatile Blastmotes      Fire/Tloc      18%        2d11      28%         3
 Dazzling Flash           Conj/Hex       12%        N/A       34%         3
 Ignite Poison            Fire/Tmut/Pois 6%         N/A       34%         3
 Vampiric Draining        Necr           6%         2d6       34%         3
 Manifold Assault         Tloc           11%        N/A       56%         4
 Iskenderun's Mystic Bla  Conj/Tloc      9%         2d4       67%         4
 Agony                    Necr           6%         N/A       97%         5
 Alistair's Intoxication  Tmut/Pois      4%         N/A       97%         5
 Freezing Cloud           Conj/Ice/Air   3%         6-21      97%         5
 Starburst                Conj/Fire      3%         6d3       100%        6
 Storm Form               Tmut/Air       3%         N/A       100%        7


Dungeon Overview and Level Annotations

Branches:
Dungeon (9/15)             Temple (1/1) D:7
   Lair: D:8-11         Orc: D:9-12

Altars:
Ashenzari
Cheibriados
Dithmenos
Elyvilon
Fedhas
Gozag
Kikubaaqudgha
Makhleb
Nemelex Xobeh
Okawaru
Qazlal
Ru
Sif Muna
Trog
Uskayaw
Vehumet
Wu Jian
Xom
Yredelemnul
Zin
The Shining One

Shops:
D:1 (   D:2 :

Annotations:
D:5 exclusion: downstairs
D:6 exclusion: upstairs
D:7 1 runed translucent door, exclusion: downstairs, Peloso's ghost, novice MiFi
D:8 Maurice


Message History

You feel extremely sick. The hornet closely misses you. The hornet misses you.
The hornet stings you but does no damage.
The hornet completely misses you.
You shoot a sling bullet. The sling bullet hits the hornet!
The hornet is severely wounded.
You feel sick. The hornet completely misses you. The hornet barely misses you.
The hornet stings you!
You feel yourself slow down.
You shoot a sling bullet.
The sling bullet hits the hornet but does no damage.
The hornet is severely wounded.
You feel yourself speed up.
You feel very sick. The hornet barely misses you. The hornet stings you.
You are more poisoned.
You feel yourself slow down. The hornet completely misses you.
The hornet stings you!
You feel as though you will be slow longer.
The hornet stings you!
You feel as though you will be slow longer.
You are too injured to fight recklessly!
You are too injured to fight recklessly!
You are too injured to fight recklessly!
Unknown command.
You are too injured to fight recklessly!
Fire: u) +8 sling "Alueru" {heavy, rF+++ Dex+3 SInv Stlth-}
Press: ? - help, Q - select action, (/) - cycle Shift-Dir - straight line, f/p - hornet
Aim: a hornet (severely wounded, 60% to hit)
You shoot a sling bullet. The sling bullet hits the hornet!
The hornet is almost dead.
You feel very sick. The hornet stings you!
* * * LOW HITPOINT WARNING * * *
You feel as though you will be slow longer.
The hornet stings you.
* * * LOW HITPOINT WARNING * * *
You feel as though you will be slow longer.
The hornet stings you!
You die...
Your body crumbles into a pile of gold.

##+# ..........#....
#......####......#...#
#......# #......#...#
#......# #......#...#
#......# #......#...#
......# #......#####
#....# .####......#
#..y.# ....'......#
#..@.# ....#......#
#....# ....#......#
#....#######......#
###+#............###
#...#............#
#...+............#
#...#............#
#...#............#
#................#


You could see a hornet.

Vanquished Creatures
  A steam dragon (D:7)
  5 water moccasins
  An orc warrior (D:8)
  2 black bears
  An ogre (D:5)
  2 centaurs
  A phantom (D:5)
  2 kobold brigands (D:7)
  A gnoll sergeant (D:9)
  2 wights (D:6)
  5 killer bees (D:8)
  4 howler monkeys
  A lava snake (D:7)
  5 hounds
  2 jellies
  A gnoll bouda (D:6)
  2 orc priests
  3 iguanas
  A sleepcap (D:7)
  Ijyb (D:3)
  3 orc wizards
  17 gnolls
  8 adders
  A shadow imp (D:7)
  2 white imps
  A worm (D:5)
  A dart slug (D:1)
  16 orcs
  9 ball pythons
  8 endoplasms
  3 giant cockroaches
  10 goblins
  8 hobgoblins
  6 jackals
  4 quokkas
  2 bats
  10 kobolds
  2 rats
154 creatures vanquished.

Vanquished Creatures (collateral kills)
  A phantom (D:6)
  A bullfrog (D:7)
  A wight (D:6)
  A gnoll (D:5)
  An adder (D:5)
  A white imp (D:5)
  A hobgoblin (D:2)
  A ball python (D:2)
  3 kobolds (D:7)
11 creatures vanquished.

Vanquished Creatures (others)
  2 wights (D:6)
  A hound (D:6)
  An iguana (D:5)
  An orc (D:6)
5 creatures vanquished.

Grand Total: 170 creatures vanquished

Notes
Turn   | Place    | Note
-------+----------+-------------------------------------------
     0 | D:1      | H0rd4k the Human Artificer began the quest for the Orb.
     0 | D:1      | Reached XP level 1. HP: 15/15 MP: 1/1
   142 | D:1      | Reached XP level 2. HP: 20/21 MP: 2/2
   286 | D:1      | Found Aphossitz's Antique Weapon Boutique.
   388 | D:1      | Reached XP level 3. HP: 21/27 MP: 3/3
   686 | D:2      | Found Kigenafe's Vocational Training.
   971 | D:2      | Reached XP level 4. HP: 30/34 MP: 4/4
  1566 | D:3      | Noticed Ijyb
  1602 | D:3      | Killed Ijyb
  1603 | D:3      | Reached XP level 5. HP: 32/41 MP: 5/5
  1825 | D:3      | Found a faded altar of an unknown god.
  2788 | D:4      | You fall into a shaft and drop 2 floors!
  2805 | D:6      | Identified the +0 scale mail "Budd" {*Corrode rPois Dex+2}
  2940 | D:6      | Noticed a water moccasin
  2947 | D:6      | Killed a water moccasin
  2948 | D:6      | Reached skill level 1 in Short Blades
  2948 | D:6      | Reached XP level 6. HP: 48/48 MP: 6/6
  2983 | D:6      | Noticed a water moccasin
  2991 | D:6      | Killed a water moccasin
  2992 | D:6      | Reached XP level 7. HP: 54/54 MP: 6/8
  3058 | D:5      | Entered Level 5 of the Dungeon
  3127 | D:6      | Reached skill level 1 in Spellcasting
  3298 | D:6      | Found a hide-covered altar of Uskayaw.
  3465 | D:6      | HP: 2/49 [wight/+0 long sword (2)]
  3487 | D:6      | Reached XP level 8. HP: 12/61 MP: 10/12
  3822 | D:6      | Identified the +1 leather armour of Mental Paralysis
                  | {Dex+4}
  4234 | D:5      | Reached skill level 5 in Fighting
  4262 | D:5      | Reached skill level 5 in Dodging
  4828 | D:5      | Found a radiant altar of Vehumet.
  5128 | D:7      | Found a bloodstained altar of Trog.
  5128 | D:7      | Found a shimmering blue altar of Sif Muna.
  5135 | D:7      | Found an ornate altar of the Wu Jian Council.
  5150 | D:7      | Found a runed translucent door.
  5150 | D:7      | Noticed Peloso's ghost (novice MiFi)
  5179 | D:7      | Reached XP level 9. HP: 35/68 MP: 14/16
  5553 | D:7      | Reached skill level 5 in Spellcasting
  5696 | D:7      | HP: 2/69 [lava snake/glob of lava (12)]
  6236 | D:7      | Found a staircase to the Ecumenical Temple.
  6457 | D:8      | Reached skill level 5 in Short Blades
  6598 | D:8      | Noticed Maurice
  6693 | Temple   | Entered the Ecumenical Temple
  6701 | Temple   | Became a worshipper of Gozag Ym Sagoz the Greedy
  6828 | D:8      | Found a shadowy altar of Dithmenos.
  7276 | D:1      | Bought a warped sling for 188 gold pieces
  7276 | D:1      | Identified the +8 sling "Alueru" {heavy, rF+++ Dex+3 SInv
                  | Stlth-} (You bought it in a shop on level 1 of the Dungeon)
  7279 | D:1      | Learned a level 2 spell: Blink
  7693 | D:8      | Reached skill level 1 in Ranged Weapons
  7693 | D:8      | Reached XP level 10. HP: 58/77 MP: 19/19
  7958 | D:9      | Reached skill level 1 in Translocations
  8184 | D:9      | Slain by a hornet

Illustrated notes

Levels and vault maps discovered:
D:1:      scummos_arrival_hexagon, layout_basic, serial_shops, shop,
          minmay_pentomino_z2
D:2:      layout_rooms, nicolae_shop_vocational
D:3:      kennysheep_the_goblin_king, layout_basic,
          nicolae_ecumenical_snake_handling, kennysheep_nondescript,
          serial_bayou_lake_a
D:4:      layout_loops_ring
D:5:      layout_cave_pools, vehumet_crystals, minmay_starry_boxes
D:6:      layout_basic, nicolae_uskayaw_suspiria
D:7:      layout_gridville, grunt_temple_overflow_open,
          minmay_temple_entry_from_below_a, gammafunk_ghost_grave,
          kennysheep_potato
D:8:      layout_basic, lemuel_tele_altar, lair_entry_dummy,
          kennysheep_big_empty_room, minmay_misc_feat_doors, uniq_maurice
D:9:      layout_gridville, orc_0_dummy, serial_bayou_lagoon_a
Temple:   nicolae_temple_no_exploring_needed

Skill      XL: |  1  2  3  4  5  6  7  8  9 10 |
---------------+-------------------------------+-----
Fighting       | 2 3 4 5 6 |  6.6
Dodging        | 2 3 4 5 6 |  6.6
Short Blades   | 1 2 4 5 |  5.4
Spellcasting   | 2 4 6 |  6.5
Ranged Weapons | 1 |  1.9
Translocations | 1 |  1.2
Armour         | |  2.0
Stealth        | |  1.0
Evocations     | |  3.0

Action                     |  1- 3 |  4- 6 |  7- 9 | 10-12 || total
---------------------------+-------+-------+-------+-------++-------
  Melee: Club              |    86 |       |       |       ||    86
         Punch             |     1 |     2 |     6 |       ||     9
         Falchion          |    45 |    99 |       |       ||   144
         Dagger            |       |    44 |   467 |       ||   511
   Fire: Sling             |       |       |     8 |    41 ||    49
  Evoke: Wand              |     1 |    11 |    26 |       ||    38
    Use: Potion            |       |       |     3 |       ||     3
         Scroll            |       |       |    16 |     1 ||    17
   Stab: Sleeping          |     2 |     2 |       |       ||     4
         Paralysed         |       |     8 |     3 |       ||    11
         Distracted        |       |       |     1 |       ||     1
 Armour: Leather armour    |    50 |    46 |     1 |    19 ||   116
         Scale mail        |       |       |   172 |       ||   172
  Dodge: Dodged            |    93 |   105 |   213 |    41 ||   452
